 Dungeon Crawl Stone Soup version 0.31.0-11-ge490571c62 (webtiles) character file.

Game seed: 11624614366877120480

39 Maffolandro the Caller (level 3, -1/29 HPs)
             Began as a Human Wanderer on Feb 1, 2024.
             Slain by a gnoll
             ... wielding a +0 club
              (6 damage)
             ... on level 1 of the Dungeon.
             The game lasted 00:06:17 (714 turns).

Maffolandro the Caller (Human Wanderer)              Turns: 714, Time: 00:06:18

Health: -1/29      AC:  2    Str: 10    XL:     3   Next: 47%
Magic:  3/5        EV: 11    Int: 17    God:
Gold:   88         SH:  0    Dex: 11    Spells: 4/5 levels left

rFire   . . .        i - +0 mace
rCold   . . .        (no shield)
rNeg    . . .        d - +0 robe
rPois   .            (no helmet)
rElec   .            (no cloak)
rCorr   .            (no gloves)
SInv    .            (no boots)
Will    .....        (no amulet)
Stlth   +            (no ring)
HPRegen 0.24/turn    (no ring)
MPRegen 0.09/turn

%: no passive effects
@: no status effects
A: explore regen
a: no special abilities


You were on level 1 of the Dungeon.
You visited 1 branch of the dungeon, and saw 1 of its levels.

You collected 88 gold pieces.

Inventory:

Hand Weapons
 a - a +0 dagger
 i - a +0 mace (weapon)
Armour
 d - a +0 robe (worn)
Talismans
 k - a flux talisman
Scrolls
 b - a scroll of teleportation
 c - a scroll of fear
 e - a scroll of fog
 f - a scroll of identify {unknown}
 h - 3 scrolls of immolation {unknown}
Potions
 g - a potion of mutation {unknown}
 j - a potion of magic {unknown}
 l - 2 potions of might {unknown}


   Skills:
 - Level 3.0 Fighting
 - Level 1.0 Dodging
 + Level 1.8 Spellcasting
 * Level 4.8 Summonings
 - Level 1.0 Evocations


You had 4 spell levels left.
You knew the following spells:

 Your Spells              Type           Power      Damage    Failure   Level
a - Summon Small Mammal   Summ           72%        N/A       2%          1

Your spell library contained the following spells:

 Spells                   Type           Power      Damage    Failure   Level
 Summon Blazeheart Golem  Fire/Summ      9%         N/A       58%         4
 Summon Lightning Spire   Summ/Air       9%         N/A       58%         4


Dungeon Overview and Level Annotations

Branches:
Dungeon (1/15)

Altars:


Innate Abilities, Weirdness & Mutations

You regain HP and MP as you explore.


Message History

Confirm with . or Enter, or press ? or * to list all spells.
The gnoll completely misses your quokka.
Unknown command.
Your quokka barely misses the gnoll.
Unknown command.
Your quokka bites the gnoll.
Your rat barely misses the gnoll.
Unknown command.
Unknown command.
You barely miss the gnoll.
The gnoll is moderately wounded.
Your quokka bites the gnoll.
The gnoll barely misses you.
Your rat closely misses the gnoll.
Unknown command.
You barely miss the gnoll.
The gnoll is moderately wounded.
Your quokka barely misses the gnoll.
The gnoll hits you with a +0 club.
Your rat bites the gnoll but does no damage.
Your quokka closely misses the gnoll.
The gnoll hits you with a +0 club.
Unknown command.
You barely miss the gnoll.
The gnoll is moderately wounded.
Your rat bites the gnoll but does no damage.
Your quokka bites the gnoll but does no damage.
The gnoll hits you with a +0 club.
Your rat bites the gnoll.
Your quokka closely misses the gnoll.
Unknown command.
You closely miss the gnoll.
The gnoll is heavily wounded.
Your quokka bites the gnoll.
The gnoll hits you with a +0 club!
Your rat closely misses the gnoll.
Unknown command.
You hit the gnoll.
The gnoll is severely wounded.
Your quokka bites the gnoll but does no damage.
The gnoll hits you with a +0 club.
* * * LOW HITPOINT WARNING * * *
Your rat barely misses the gnoll.
Your quokka bites the gnoll but does no damage.
The gnoll hits you with a +0 club.
You die...

.......................>#
..............#########.#
.....#.##.....# #)#
....(#.######## ######.###
.......## #........# .####...#
######........# .# #...#
#.............# .# #...#
#........†....# .## #...#
#...@.....))†.#
..###...#####..rg.........#
...........##..r#.###.###.#
...........##...#...###.†.#
.>.........##...###.#.#.#.#
...........##....#......#.####
..###########...###.#.###....#
###.............#......#.....#
..#.............#.#.#.###....#


You could see a gnoll (ally target), a friendly quokka (summoned) and a friendly
rat (summoned).

Vanquished Creatures
  2 dart slugs (D:1)
  5 ball pythons (D:1)
  An endoplasm (D:1)
  3 goblins (D:1)
  5 hobgoblins (D:1)
  3 quokkas (D:1)
  2 bats (D:1)
  A frilled lizard (D:1)
22 creatures vanquished.

Vanquished Creatures (collateral kills)
  An endoplasm (D:1)
  A hobgoblin (D:1)
  2 kobolds (D:1)
  4 ball pythons (D:1)
  A frilled lizard (D:1)
  2 rats (D:1)
11 creatures vanquished.

Grand Total: 33 creatures vanquished

Notes
Turn   | Place    | Note
-------+----------+-------------------------------------------
     0 | D:1      | Maffolandro the Human Wanderer began the quest for the Orb.
     0 | D:1      | Maffolandro set off with the following items: a +0 dagger,
                  | a scroll of teleportation, a scroll of fear, a +0 robe, a
                  | scroll of fog; and the following spell memorised: Summon
                  | Small Mammal; and the following spells available to
                  | memorise: Summon Blazeheart Golem, Summon Lightning Spire.
     0 | D:1      | Reached XP level 1. HP: 18/18 MP: 2/2
   162 | D:1      | Reached XP level 2. HP: 20/24 MP: 1/3
   335 | D:1      | Found a faded altar of an unknown god.
   518 | D:1      | Reached XP level 3. HP: 29/29 MP: 3/5
   714 | D:1      | Slain by a gnoll

Illustrated notes

Levels and vault maps discovered:
D:1:      minmay_arrival_solitary_statue, layout_basic,
          nicolae_ecumenical_snake_handling, minmay_indecisive_spiral

Action                     || total
---------------------------++-------
  Melee: Dagger            ||    61
         Mace              ||    32
   Cast: Summon Small Mamm ||    27
   Stab: Distracted        ||     1
 Armour: Robe              ||    71
  Dodge: Dodged            ||    75
